 Dungeon Crawl Stone Soup version 0.28-a0-802-g09f76e8c00 (webtiles) character file.

Game seed: 11798663562263230713

30 iamoutofideas the Firebug (level 3, 24/24 HPs)
             Began as a Demonspawn Fire Elementalist on Nov 6, 2021.
             Quit the game on level 2 of the Dungeon.
             The game lasted 00:01:50 (1707 turns).

iamoutofideas the Firebug (DsFE)                    Turns: 1707, Time: 00:01:50

Health: 24/24      AC:  2    Str:  8    XL:     3   Next: 3%
Magic:  4/6        EV: 12    Int: 17    God:
Gold:   57         SH:  4    Dex: 13    Spells: 5/6 levels left

rFire   . . .      SeeInvis .   (no weapon)
rCold   . . .      Faith    .   (no shield)
rNeg    . . .      Spirit   .   a - +0 robe
rPois   .          Reflect  .   (no helmet)
rElec   .          Harm     .   (no cloak)
rCorr   .          Rampage  .   (no gloves)
Will    .....                   (no boots)
Stlth   ++........              (no amulet)
HPRegen 0.08/turn               (no ring)
MPRegen 0.10/turn               (no ring)

@: no status effects
A: large bone plates 1, weakness stinger 1
a: no special abilities


You were on level 2 of the Dungeon.
You visited 1 branch of the dungeon, and saw 2 of its levels.

You collected 57 gold pieces.

Inventory:

Armour
 a - a +0 robe (worn)
Scrolls
 c - a scroll of enchant weapon {unknown}
 d - a scroll of noise {unknown}
 e - a scroll of identify {unknown}
 f - 2 scrolls of vulnerability {unknown}
 g - a scroll of enchant armour {unknown}
Potions
 b - a potion of degeneration {unknown}


   Skills:
 + Level 1.8 Dodging
 - Level 1.7 Stealth
 + Level 2.4 Spellcasting
 + Level 1.3 Conjurations
 + Level 3.3 Fire Magic


You had 5 spell levels left.
You knew the following spells:

 Your Spells              Type           Power      Damage    Failure   Level
a - Foxfire               Conj/Fire      40%        2x1d6     7%          1

Your spell library contained the following spells:

 Spells                   Type           Power      Damage    Failure   Level
 Scorch                   Fire           26%        2d6       7%          2
 Conjure Flame            Conj/Fire      10%        6-21      22%         3
 Inner Flame              Hex/Fire       7%         N/A       28%         3
 Gell's Gravitas          Tloc           2%         N/A       50%         3
 Lesser Beckoning         Tloc           2%         N/A       50%         3
 Teleport Other           Tloc           2%         N/A       50%         3
 Flame Wave               Conj/Fire      10%        3d4       56%         4


Dungeon Overview and Level Annotations

Branches:
Dungeon (2/15)

Altars:
Ru


Innate Abilities, Weirdness & Mutations

You are partially covered in large bone plates. (SH +4)
You have a small tail.


Message History

An endoplasm comes into view.
The endoplasm quivers.
An endoplasm is nearby!
An endoplasm is nearby!
An endoplasm is nearby!
Casting: Foxfire (safe; 8% risk of failure)
Confirm with . or Enter, or press ? or * to list all spells.
You conjure some foxfire!
Casting: Foxfire (safe; 8% risk of failure)
Confirm with . or Enter, or press ? or * to list all spells.
You conjure some foxfire!
The foxfire hits the endoplasm.
The endoplasm is lightly wounded.
The foxfire hits the endoplasm.
The endoplasm is heavily wounded.
The foxfire hits the endoplasm.
You kill the endoplasm!
You have reached level 3!
Your experience leads to an increase in your attributes!
Increase (S)trength, (I)ntelligence, or (D)exterity?
You feel clever.
Your demonic ancestry asserts itself...
Large bone plates grow over parts of your arms.
Your foxfire dissipates!
Found an escape hatch in the ceiling.
You now have 57 gold pieces (gained 8).
A ball python comes into view.
A ball python is nearby!
A ball python is nearby!
Casting: Foxfire (safe; 7% risk of failure)
Confirm with . or Enter, or press ? or * to list all spells.
You conjure some foxfire!
Casting: Foxfire (safe; 7% risk of failure)
Confirm with . or Enter, or press ? or * to list all spells.
You conjure some foxfire!
Your foxfire dissipates!
Your foxfire dissipates!
The foxfire hits the ball python.
The ball python is heavily wounded.
The foxfire hits the ball python.
You kill the ball python!
Are you sure you want to abandon this character and quit the game? (Confirm with "yes".)

#.....###..###
###.#........ ..
#... ##.#........
.##..§. #....###..##
.....# ###...## #..#
..#.# ..#..## ##..##
....
.....####....####†.#
......##..##..##.§.#
................@§.#
................§..#
.......#.######...##
.......#.# ....#
...^.....# .#####
......#... ##
#.≈≈≈.##.#.#
...≈...... < ..#....
..


There were no monsters in sight!

Vanquished Creatures
  4 bats
  3 endoplasms
  2 giant cockroaches
  2 goblins (D:1)
  3 hobgoblins
  4 kobolds (D:1)
  A quokka (D:2)
  3 ball pythons
  2 frilled lizards
  4 rats
28 creatures vanquished.

Vanquished Creatures (others)
  93 foxfires
93 creatures vanquished.

Grand Total: 121 creatures vanquished

Notes
Turn   | Place    | Note
-------+----------+-------------------------------------------
     0 | D:1      | iamoutofideas the Demonspawn Fire Elementalist began the
                  | quest for the Orb.
     0 | D:1      | Reached XP level 1. HP: 13/13 MP: 3/3
   388 | D:1      | Reached skill level 3 in Fire Magic
   617 | D:1      | Gained mutation: You have a small tail. [demonic ancestry]
   617 | D:1      | Reached XP level 2. HP: 19/19 MP: 1/5
  1436 | D:2      | Found a sacrificial altar of Ru.
  1656 | D:2      | Gained mutation: You are partially covered in large bone
                  | plates. (SH +4) [demonic ancestry]
  1656 | D:2      | Reached XP level 3. HP: 24/24 MP: 3/6
  1707 | D:2      | Quit the game

Illustrated notes

Levels and vault maps discovered:
D:1:      dpeg_arrival_simpleton_b, layout_basic, minmay_misc_feat_plants
D:2:      layout_rooms, basic_altar, serial_rivers,
          chequers_serial_rivers_small_b, chequers_serial_rivers_small_b,
          chequers_serial_rivers_large_b, chequers_serial_rivers_micro_e,
          chequers_serial_rivers_small_a, chequers_serial_rivers_micro_e,
          hellmonk_ecumenical_altar_arch_garden, palyth_stone_intersect,
          wad_floor_pattern_untrapped, dk_noncrumbling_4, cheibrodos_gnoll_hut

Skill      XL: |  1 |
---------------+----+-----
Fire Magic     | 3 |  3.3
Dodging        | |  1.8
Stealth        | |  1.7
Spellcasting   | |  2.4
Conjurations   | |  1.3

Action                   || total
-------------------------++-------
 Cast: Foxfire           ||    58
Armor: Robe              ||     3
Dodge: Dodged            ||     3

Table legend: (Time is in decaauts)
 A = Elapsed time spent in this place.
 B = Non-inter-level travel time spent in this place.
 C = Inter-level travel time spent in this place.
 D = Time resting spent in this place.
 E = Time spent auto-exploring this place.
 F = Levels seen in this place.
 G = Mean time per level.
                   A        B        C        D        E       F      G
               +--------+--------+--------+--------+--------+-----+--------+
         Total |   1706 |   1680 |     26 |    262 |   1247 |   2 |  853.0 |
       Dungeon |   1706 |   1680 |     26 |    262 |   1247 |   2 |  853.0 |
               +--------+--------+--------+--------+--------+-----+--------+

Top non-repeatable levels by time:
     D:1: 1436 daAuts
     D:2: 270 daAuts
